 Dungeon Crawl Stone Soup version 0.30-b1-2-g02819fbbbe (webtiles) character file.

Game seed: 5080639362709373260

7 Arcadio the Ducker (level 2, 0/22 HPs)
             Began as a Merfolk Artificer on May 14, 2023.
             Slain by a dart slug (3 damage)
             ... on level 1 of the Dungeon.
             The game lasted 00:01:05 (87 turns).

Arcadio the Ducker (Merfolk Artificer)                Turns: 87, Time: 00:01:06

Health: 0/22       AC:  3    Str: 12    XL:     2   Next: 0%
Magic:  2/2        EV: 12    Int: 10    God:
Gold:   6          SH:  0    Dex: 14    Spells: 1/1 levels left

rFire   . . .        a - +0 club
rCold   . . .        (no shield)
rNeg    . . .        b - +0 leather armour
rPois   .            (no helmet)
rElec   .            (no cloak)
rCorr   .            (no gloves)
SInv    .            (no boots)
Will    .....        (no amulet)
Stlth   +            (no ring)
HPRegen 0.23/turn    (no ring)
MPRegen 0.08/turn

%: no passive effects
@: no status effects
A: (nimble swimmer 2), mertail
a: no special abilities


You were on level 1 of the Dungeon.
You visited 1 branch of the dungeon, and saw 1 of its levels.

You collected 6 gold pieces.

Inventory:

Hand Weapons
 a - a +0 club (weapon)
Armour
 b - a +0 leather armour (worn)
Wands
 c - a wand of flame (15) (quivered)
 d - a wand of charming (15)
 e - a wand of iceblast (5)


   Skills:
 + Level 1.7 Fighting
 - Level 0.6 Armour
 + Level 3.1 Dodging
 - Level 1.1 Stealth
 - Level 3.0 Evocations


You had one spell level left.
You didn't know any spells.
Your spell library was empty.

Dungeon Overview and Level Annotations

Branches:
Dungeon (1/15) Zot: 5905

Altars:


Innate Abilities, Weirdness & Mutations

((You are very nimble when in or above water. (Stealth+, EV+, Speed+++)))
Your lower body shifts to a powerful aquatic tail in water.


Message History

You hit the frilled lizard.
You kill the frilled lizard!
You hit the goblin but do no damage. The goblin closely misses you.
You hit the goblin.
The goblin is moderately wounded.
The goblin hits you with a +0 dagger.
You hit the goblin but do no damage. The goblin barely misses you. x2
You completely miss the goblin. The goblin hits you with a +0 dagger.
You hit the goblin.
You kill the goblin!
The ball python completely misses you. The ball python grabs you.
The ball python constricts you.
You hit the ball python.
You kill the ball python!
The dart slug launches a dart at you. The slug dart hits you.
You have reached level 2!
The dart slug launches a dart at you. The slug dart hits you.
The hobgoblin hits you.
Things that are here:
a +0 dagger; a goblin corpse; a frilled lizard corpse You barely miss the dart slug.
The hobgoblin barely misses you. The dart slug closely misses you.
You barely miss the dart slug.
The hobgoblin hits you but does no damage.
You hit the dart slug.
The dart slug is moderately wounded.
The hobgoblin hits you but does no damage.
The dart slug launches a dart at you. The slug dart hits you.
The hobgoblin closely misses you.
You hit the dart slug.
The dart slug is heavily wounded.
The dart slug launches a dart at you. The slug dart hits you.
* * * LOW HITPOINT WARNING * * *
The hobgoblin completely misses you.
You hit the dart slug but do no damage.
The dart slug is heavily wounded.
The dart slug bites you.
You die...

###.. .. #... ...
####.# ###...
#....###.....
#........# . #.....##.#
.. ####.....########
... ##..##...gw..).#
...$ #..##...##@###.#
....g##.##..#.##'###'##
..[.wS..w..##l#...#..(#
.....##.#.l...#.>.#...#
#### #..#..##.#...#...#
....$..##.#.>.#.<.#
#....#..####...#...#
#...####.# #.>.#...#
#...# #.# #...#...#


You could see a dart slug and a hobgoblin.

Vanquished Creatures
  2 bats (D:1)
  An endoplasm (D:1)
  A goblin (D:1)
  A ball python (D:1)
  A frilled lizard (D:1)
6 creatures vanquished.

Notes
Turn   | Place    | Note
-------+----------+-------------------------------------------
     0 | D:1      | Arcadio the Merfolk Artificer began the quest for the Orb.
     0 | D:1      | Reached XP level 1. HP: 15/15 MP: 1/1
    82 | D:1      | Reached XP level 2. HP: 11/22 MP: 2/2
    87 | D:1      | Slain by a dart slug

Illustrated notes

Levels and vault maps discovered:
D:1:      minmay_arrival_up_and_down, layout_rooms

Skill      XL: |  1 |
---------------+----+-----
Dodging        | 3 |  3.1
Fighting       | |  1.7
Armour         | |  0.6
Stealth        | |  1.1
Evocations     | |  3.0

Action                     || total
---------------------------++-------
  Melee: Club              ||    22
         Punch             ||     1
 Armour: Leather armour    ||     9
  Dodge: Dodged            ||    19
